 Dungeon Crawl Stone Soup version 0.29-a0-371-g91724d5b39 (webtiles) character file.

Game seed: 4420695202049650502

2152 Sweeb the Carver (level 9, -1/81 HPs)
             Began as a Tengu Gladiator on May 3, 2022.
             Slain by a gnoll
             ... wielding a +0 halberd
             ... led by a gnoll sergeant
              (6 damage)
             ... on level 7 of the Dungeon.
             The game lasted 00:10:46 (6234 turns).

Sweeb the Carver (Tengu Gladiator)                  Turns: 6234, Time: 00:10:47

Health: -1/81      AC:  6    Str: 15    XL:     9   Next: 31%
Magic:  10/10      EV: 20    Int:  8    God:
Gold:   299        SH:  0    Dex: 20    Spells: 8/8 levels left

rFire   . . .      SeeInvis .   a - +1 long sword
rCold   . . .      Faith    .   (no shield)
rNeg    . . .      Spirit   .   b - +0 leather armour
rPois   .          Reflect  .   c - +0 hat
rElec   .          Harm     .   g - +0 cloak
rCorr   .          Rampage  .   n - +1 pair of gloves {Stlth+}
Will    .....                   (boots unavailable)
Stlth   ..........              u - amulet of regeneration
HPRegen 1.03/turn               (no ring)
MPRegen 0.12/turn               (no ring)

@: berserking, flying quickly and evasively, very quick
A: beak, talons 3, nimble flight
a: no special abilities


You were on level 7 of the Dungeon.
You visited 1 branch of the dungeon, and saw 7 of its levels.

You collected 299 gold pieces.

Inventory:

Hand Weapons
 a - a +1 long sword (weapon)
 r - a +0 long sword
Missiles
 d - a throwing net (quivered)
 e - a javelin
Armour
 b - a +0 leather armour (worn)
 c - a +0 hat (worn)
 g - a +0 cloak (worn)
 n - a +1 pair of gloves of stealth (worn)
Jewellery
 u - an amulet of regeneration (around neck)
 y - a ring of resist corrosion
Wands
 B - a wand of mindburst (5)
 C - a wand of flame (10)
Scrolls
 k - a scroll of magic mapping
 v - 2 scrolls of teleportation
 w - a scroll of fear
 z - a scroll of holy word
 A - a scroll of identify
Potions
 f - a potion of berserk rage
 h - 2 potions of flight {unknown}
 i - a potion of invisibility {unknown}
 j - 2 potions of might
 l - 2 potions of brilliance {unknown}
 m - 2 potions of attraction {unknown}
 o - a potion of cancellation {unknown}
 p - 2 potions of curing {unknown}
 q - a potion of resistance {unknown}
 s - a potion of magic {unknown}
 t - a potion of degeneration {unknown}
 x - a potion of lignification {unknown}


   Skills:
 + Level 5.1 Fighting
 * Level 8.3 Long Blades
 - Level 2.0 Throwing
 * Level 8.3 Dodging
 + Level 5.1 Stealth


You had 8 spell levels left.
You didn't know any spells.
Your spell library contained the following spells:

 Spells                   Type           Power      Damage    Failure   Level
 Pain                     Necr           0%         1d4       47%         1
 Sublimation of Blood     Necr           0%         N/A       63%         2
 Petrify                  Tmut/Erth      0%         N/A       99%         4
 Irradiate                Conj/Tmut      0%         3d13      100%        5


Dungeon Overview and Level Annotations

Branches:
Dungeon (7/15)             Temple (0/1) D:7

Altars:
Fedhas
Gozag
Hepliaklqana
Qazlal
Vehumet
Xom
Yredelemnul
The Shining One

Shops:
D:3 :

Annotations:
D:7 1 runed translucent door, Crazy Yiuf


Innate Abilities, Weirdness & Mutations

You have a beak for a mouth.
You have claws for feet.
Your magical nature lets you fly swiftly and evasively.


Message History

The gnoll sergeant draws strength from your wounds!
You hit the gnoll sergeant but do no damage.
You claw the gnoll sergeant. You peck the gnoll sergeant.
The gnoll sergeant is heavily wounded.
The gnoll sergeant barely misses you.
You hit the gnoll sergeant but do no damage.
You claw the gnoll sergeant, but do no damage.
The gnoll sergeant is heavily wounded.
The gnoll sergeant hits you with a +3 vampiric spear!
You hit the gnoll sergeant but do no damage.
Your peck misses the gnoll sergeant.
The gnoll sergeant is heavily wounded.
The gnoll sergeant misses you.
You barely miss the gnoll sergeant. Your kick misses the gnoll sergeant.
You peck the gnoll sergeant, but do no damage.
The gnoll sergeant is heavily wounded.
The gnoll sergeant hits you with a +3 vampiric spear!
* * * LOW HITPOINT WARNING * * *
You hit the gnoll sergeant. You claw the gnoll sergeant.
The gnoll sergeant is severely wounded.
The gnoll sergeant barely misses you.
You barely miss the gnoll sergeant.
You peck the gnoll sergeant, but do no damage.
The gnoll sergeant is severely wounded.
The gnoll sergeant hits you with a +3 vampiric spear!
* * * LOW HITPOINT WARNING * * *
You hit the gnoll sergeant but do no damage.
The gnoll sergeant is severely wounded.
The gnoll sergeant hits you with a +3 vampiric spear.
* * * LOW HITPOINT WARNING * * *
The gnoll sergeant draws strength from your wounds!
You slash the gnoll sergeant!
You kill the gnoll sergeant!
A red film seems to cover your vision as you go berserk!
You feel yourself moving faster!
You feel mighty! The gnoll completely misses you.
You slash the gnoll! You claw the gnoll.
You kill the gnoll!
The gnoll hits you from afar with a +0 halberd.
You die...

######.#.# #.#># #.#.#
#.#.# #)#.# #.#.# ..#
#.#.#
#.######.#######.#>#
...........g)@...#.#
....######.#######.#
#.#.# #.# #.# #.#.# #.#
#.# #.#.# ##.## #.#
##.#.#####...######.#
###.#..##.............#
...###.##.##...########
#.## ##.#.##...##


You could see a gnoll.

Vanquished Creatures
  Joseph (D:7)
  Menkaure (D:7)
  An orc warrior (D:7)
  2 sky beasts
  An ogre (D:5)
  A centaur (D:5)
  A kobold brigand (D:6)
  A bullfrog (D:6)
  2 gnoll sergeants
  2 necrophages (D:5)
  3 scorpions
  2 hounds
  A gnoll shaman (D:6)
  4 orc priests
  9 orc wizards
  8 adders
  10 gnolls
  A white imp (D:5)
  3 dart slugs (D:1)
  2 worms
  11 orcs
  4 ball pythons
  3 endoplasms
  6 giant cockroaches
  8 goblins
  6 hobgoblins
  15 kobolds
  5 quokkas
  9 bats
  6 frilled lizards
  5 rats
134 creatures vanquished.

Vanquished Creatures (others)
  An orc wizard (D:6)
  An orc (D:6)
  7 plants (D:2)
9 creatures vanquished.

Grand Total: 143 creatures vanquished

Notes
Turn   | Place    | Note
-------+----------+-------------------------------------------
     0 | D:1      | Sweeb the Tengu Gladiator began the quest for the Orb.
     0 | D:1      | Reached XP level 1. HP: 12/12 MP: 2/2
   196 | D:1      | Reached XP level 2. HP: 15/17 MP: 3/3
   659 | D:1      | Reached XP level 3. HP: 18/21 MP: 4/4
   708 | D:1      | Reached skill level 1 in Stealth
  1127 | D:2      | Reached XP level 4. HP: 22/27 MP: 5/5
  1967 | D:3      | Found a faded altar of an unknown god.
  1984 | D:3      | Got Plato's Volume of Dark Secrets
  2175 | D:3      | Found Zenu's Book Shop.
  2453 | D:4      | Noticed a scorpion
  2466 | D:4      | Killed a scorpion
  2467 | D:4      | Gained mutation: Your magical nature lets you fly swiftly
                  | and evasively. [Tengu growth]
  2467 | D:4      | Reached XP level 5. HP: 32/32 MP: 6/6
  3405 | D:4      | Reached XP level 6. HP: 20/37 MP: 7/7
  3408 | D:4      | Reached skill level 5 in Long Blades
  3408 | D:4      | Reached skill level 5 in Dodging
  3818 | D:5      | Entered Level 5 of the Dungeon
  3844 | D:5      | Found a glowing golden altar of the Shining One.
  4116 | D:5      | Reached XP level 7. HP: 32/41 MP: 8/8
  4166 | D:5      | Found a hazy altar of Hepliaklqana.
  4472 | D:5      | Found an opulent altar of Gozag.
  4643 | D:6      | Reached XP level 8. HP: 33/48 MP: 9/9
  5692 | D:7      | Noticed Menkaure
  5701 | D:7      | Killed Menkaure
  5730 | D:7      | Found a staircase to the Ecumenical Temple.
  5899 | D:7      | Noticed Joseph
  5922 | D:7      | Killed Joseph
  5923 | D:7      | Reached skill level 5 in Fighting
  5923 | D:7      | Reached XP level 9. HP: 36/54 MP: 10/10
  5982 | D:7      | Found a runed translucent door.
  5983 | D:7      | Noticed Crazy Yiuf
  6041 | D:7      | Reached skill level 5 in Stealth
  6108 | D:7      | Found a stormy altar of Qazlal.
  6109 | D:7      | Found a basalt altar of Yredelemnul.
  6110 | D:7      | Found a shimmering altar of Xom.
  6110 | D:7      | Found a radiant altar of Vehumet.
  6140 | D:7      | Found a blossoming altar of Fedhas.
  6231 | D:7      | HP: 1/54 [gnoll sergeant/+3 vampiric spear (5)]
  6234 | D:7      | Slain by a gnoll

Illustrated notes

Levels and vault maps discovered:
D:1:      giann_bridges, layout_loops_ring, serial_bayou_pond_d
D:2:      layout_basic, serial_bayou_pond_b
D:3:      layout_basic, shapermc_ecumenical_altar_rom_forum, serial_shops, shop
D:4:      layout_layer_cave, feat_on_display
D:5:      layout_loops_ring, nzn_hepliaklqana_mist_gate,
          mainiacjoe_overflow_boulevard, mainiacjoe_overflow_catwalk
D:6:      layout_basic, lemuel_flamethrower_2
D:7:      layout_loops_ring, lemuel_crystal_altar,
          chequers_temple_overflow_statue_of_worship,
          minmay_temple_entry_purple_smoke, uniq_crazy_yiuf_cottage,
          uniq_menkaure, uniq_joseph

Skill      XL: |  1  2  3  4  5  6  7  8  9 |
---------------+----------------------------+-----
Stealth        | 1 2 3 4 5 |  5.1
Dodging        | 4 5 6 8 |  8.3
Long Blades    | 4 5 6 8 |  8.3
Fighting       | 3 4 5 |  5.1
Throwing       | |  2.0

Action                   |  1- 3 |  4- 6 |  7- 9 || total
-------------------------+-------+-------+-------++-------
Melee: Long sword        |    74 |   115 |   219 ||   408
       Kick              |    10 |    34 |    68 ||   112
       Peck              |     8 |    15 |    51 ||    74
       Punch             |       |       |     3 ||     3
Throw: Throwing net      |       |     1 |     6 ||     7
  Use: Scroll            |       |    12 |     2 ||    14
       Potion            |       |       |     1 ||     1
 Stab: Sleeping          |     2 |    12 |     4 ||    18
       Held in net/web   |       |       |     5 ||     5
Armor: Leather armour    |    20 |    15 |    39 ||    74
Dodge: Dodged            |    65 |    86 |   171 ||   322

Table legend: (Time is in decaauts)
 A = Elapsed time spent in this place.
 B = Non-inter-level travel time spent in this place.
 C = Inter-level travel time spent in this place.
 D = Time resting spent in this place.
 E = Time spent auto-exploring this place.
 F = Levels seen in this place.
 G = Mean time per level.
                   A        B        C        D        E       F      G
               +--------+--------+--------+--------+--------+-----+--------+
         Total |   6005 |   5827 |    178 |    602 |   3841 |   7 |  857.9 |
       Dungeon |   6005 |   5827 |    178 |    602 |   3841 |   7 |  857.9 |
               +--------+--------+--------+--------+--------+-----+--------+

Top non-repeatable levels by time:
     D:4: 1284 daAuts
     D:6: 994 daAuts
     D:2: 983 daAuts
     D:1: 948 daAuts
     D:5: 736 daAuts
     D:3: 541 daAuts
     D:7: 517 daAuts
